BSA
EL DORADO OILERS @ HENDERSONVILLE HITMEN
09/19/2030
 
TOP OF THE 1ST
El Dorado Oilers batting - Pitching for Hendersonville Hitmen : RHP Troy Parker
Pitching: RHP Troy Parker
Batting: LHB Al Gaines 0-0: Ball
1-0: Fly out, F4 (Line Drive, 34)
Batting: LHB Mathew Clayton 0-0: Ball
1-0: Fly out, F8 (Flyball, 8LD)
Batting: LHB José Hernández 0-0: Called Strike
0-1: SOLO HOME RUN (Line Drive, 9D), Distance : 401 ft
Batting: RHB José Carlos Caraballo 0-0: Foul Ball, location: 2F
0-1: SINGLE (Line Drive, 9S)
Batting: LHB Ashley Pickhills 0-0: Called Strike
0-1: Foul Ball, location: 2F
0-2: Ball
1-2: Strikes out swinging
Top of the 1st over - 1 run, 2 hits, 0 errors, 1 left on base; El Dorado 1 - Hendersonville 0
BOTTOM OF THE 1ST
Hendersonville Hitmen batting - Pitching for El Dorado Oilers : RHP Barton Johnson
Pitching: RHP Barton Johnson
Batting: SHB Félix Montoya 0-0: Called Strike
0-1: Ball
1-1: Ball
2-1: Swinging Strike
2-2: Fly out, F6 (Popup, 56)
Batting: SHB José Estreito 0-0: Ground out 5-3 (Groundball, 56S)
Batting: LHB Robert Phillips 0-0: Called Strike
0-1: Swinging Strike
0-2: Foul Ball, location: 2F
0-2: Foul Ball, location: 2F
0-2: Strikes out swinging
Bottom of the 1st over - 0 runs, 0 hits, 0 errors, 0 left on base; El Dorado 1 - Hendersonville 0
TOP OF THE 2ND
El Dorado Oilers batting - Pitching for Hendersonville Hitmen : RHP Troy Parker
Batting: LHB José Rivera 0-0: Called Strike
0-1: Ball
1-1: Foul Ball, location: 2F
1-2: Foul Ball, location: 2F
1-2: Ground out U3 (Groundball, 3L)
Batting: RHB Bob Johnson 0-0: Swinging Strike
0-1: Ball
1-1: Swinging Strike
1-2: Strikes out looking
Batting: RHB Nick Webb 0-0: Called Strike
0-1: Swinging Strike
0-2: Ball
1-2: Foul Ball, location: 2F
1-2: Ball
2-2: Foul Ball, location: 2F
2-2: Ball
3-2: Base on Balls
Batting: RHB Tony Hernández 0-0: Ball
1-0: Called Strike
1-1: Ground out 6-3 (Groundball, 6MS)
Top of the 2nd over - 0 runs, 0 hits, 0 errors, 1 left on base; El Dorado 1 - Hendersonville 0
BOTTOM OF THE 2ND
Hendersonville Hitmen batting - Pitching for El Dorado Oilers : RHP Barton Johnson
Batting: RHB Felipe Jareño 0-0: Foul Ball, location: 2F
0-1: Ball
1-1: Foul Ball, location: 2F
1-2: Ground out 4-3 (Groundball, 4)
Batting: LHB Pedro Rodríguez 0-0: Ball
1-0: Ball
2-0: Called Strike
2-1: Swinging Strike
2-2: Foul Ball, location: 2F
2-2: Foul Ball, location: 2F
2-2: Ground out 5-3 (Groundball, 56)
Batting: LHB Milo Glenn 0-0: Called Strike
0-1: Swinging Strike
0-2: Strikes out swinging
Bottom of the 2nd over - 0 runs, 0 hits, 0 errors, 0 left on base; El Dorado 1 - Hendersonville 0
TOP OF THE 3RD
El Dorado Oilers batting - Pitching for Hendersonville Hitmen : RHP Troy Parker
Batting: LHB Al Gaines 0-0: Foul Ball, location: 2F
0-1: Called Strike
0-2: Ball
1-2: Strikes out looking
Batting: LHB Mathew Clayton 0-0: Foul Ball, location: 2F
0-1: Ball
1-1: Swinging Strike
1-2: Strikes out swinging
Batting: LHB José Hernández 0-0: Ball
1-0: Ball
2-0: Called Strike
2-1: Foul Ball, location: 2F
2-2: Foul Ball, location: 2F
2-2: Ground out 4-3 (Groundball, 4)
Top of the 3rd over - 0 runs, 0 hits, 0 errors, 0 left on base; El Dorado 1 - Hendersonville 0
BOTTOM OF THE 3RD
Hendersonville Hitmen batting - Pitching for El Dorado Oilers : RHP Barton Johnson
Batting: LHB Pedro Gonzáles 0-0: Fly out, F9 (Flyball, 9LM)
Batting: RHB Ron Glass 0-0: Called Strike
0-1: Called Strike
0-2: Ball
1-2: Ball
2-2: Foul Ball, location: 2F
2-2: Foul Ball, location: 2F
2-2: Ball
3-2: Foul Ball, location: 2F
3-2: Strikes out swinging
Batting: LHB Miguel García 0-0: Called Strike
0-1: Ball
1-1: Ball
2-1: Ball
3-1: Foul Ball, location: 2F
3-2: Fly out, F8 (Flyball, 8RM)
Bottom of the 3rd over - 0 runs, 0 hits, 0 errors, 0 left on base; El Dorado 1 - Hendersonville 0
TOP OF THE 4TH
El Dorado Oilers batting - Pitching for Hendersonville Hitmen : RHP Troy Parker
Batting: RHB José Carlos Caraballo 0-0: Called Strike
0-1: Foul Ball, location: 2F
0-2: Ground out 6-3 (Groundball, 6)
Batting: LHB Ashley Pickhills 0-0: Called Strike
0-1: Ball
1-1: Foul Ball, location: 2F
1-2: Foul Ball, location: 2F
1-2: Ball
2-2: Foul Ball, location: 2F
2-2: Ball
3-2: Ground out 5-3 (Groundball, 56S)
Batting: LHB José Rivera 0-0: Called Strike
0-1: Ball
1-1: Fly out, F6 (Popup, P)
Top of the 4th over - 0 runs, 0 hits, 0 errors, 0 left on base; El Dorado 1 - Hendersonville 0
BOTTOM OF THE 4TH
Hendersonville Hitmen batting - Pitching for El Dorado Oilers : RHP Barton Johnson
Batting: SHB Félix Montoya 0-0: Reached via error on a dropped throw, E1
Batting: SHB José Estreito 0-0: Called Strike
0-1: Ball
1-1: Ball
2-1: Ball
3-1: Called Strike
3-2: Foul Ball, location: 2F
3-2: Reached on error, E6 (Groundball, 56)
Félix Montoya to second
Batting: LHB Robert Phillips 0-0: Ball
Félix Montoya steals 3rd base
José Estreito to second
1-0: Foul Ball, location: 2F
1-1: Fly out, F6 (Line Drive, 6)
Batting: RHB Felipe Jareño 0-0: Ball
1-0: Ball
2-0: Swinging Strike
2-1: 3-RUN HOME RUN (Flyball, 78XD), Distance : 431 ft
Batting: LHB Pedro Rodríguez 0-0: Ball
1-0: Foul Ball, location: 2F
1-1: Ball
2-1: Ball
3-1: DOUBLE (Groundball, 5L)
Batting: LHB Milo Glenn 0-0: Ball
1-0: Called Strike
1-1: Swinging Strike
1-2: Fly out, F9 (Flyball, 89D)
Batting: LHB Pedro Gonzáles 0-0: Foul Ball, location: 2F
0-1: Fly out, F4 (Popup, 4S)
Bottom of the 4th over - 3 runs, 2 hits, 2 errors, 1 left on base; El Dorado 1 - Hendersonville 3
TOP OF THE 5TH
El Dorado Oilers batting - Pitching for Hendersonville Hitmen : RHP Troy Parker
Batting: RHB Bob Johnson 0-0: Ball
1-0: Ball
2-0: Swinging Strike
2-1: Foul Ball, location: 2F
2-2: Strikes out looking
Batting: RHB Nick Webb 0-0: Ball
1-0: Ground out 3-1 (Groundball, 34S)
Batting: RHB Tony Hernández 0-0: Swinging Strike
0-1: Ball
1-1: Called Strike
1-2: Strikes out swinging
Top of the 5th over - 0 runs, 0 hits, 0 errors, 0 left on base; El Dorado 1 - Hendersonville 3
BOTTOM OF THE 5TH
Hendersonville Hitmen batting - Pitching for El Dorado Oilers : RHP Barton Johnson
Batting: RHB Ron Glass 0-0: Ball
1-0: Ball
2-0: Ball
3-0: Called Strike
3-1: Base on Balls
Batting: LHB Miguel García 0-0: Ball
1-0: Foul Ball, location: 2F
1-1: Foul Ball, location: 2F
1-2: Strikes out swinging
Batting: SHB Félix Montoya 0-0: Ball
Ron Glass is caught stealing 2nd base
1-0: Ball
2-0: Ball
3-0: Called Strike
3-1: SINGLE (Line Drive, 89S)
Batting: SHB José Estreito 0-0: Ball
1-0: Called Strike
1-1: Ball
2-1: Fly out, F5 (Line Drive, 56)
Bottom of the 5th over - 0 runs, 1 hit, 0 errors, 1 left on base; El Dorado 1 - Hendersonville 3
TOP OF THE 6TH
El Dorado Oilers batting - Pitching for Hendersonville Hitmen : RHP Troy Parker
Batting: LHB Al Gaines 0-0: Ball
1-0: Ground out 4-3 (Groundball, 4)
Batting: LHB Mathew Clayton 0-0: Ball
1-0: Called Strike
1-1: Called Strike
1-2: Foul Ball, location: 2F
1-2: Ball
2-2: Foul Ball, location: 2F
2-2: Ball
3-2: Strikes out swinging passed ball, reaches first!
Batting: LHB José Hernández 0-0: Ball
Mathew Clayton is caught stealing 2nd base
1-0: Ball
2-0: Foul Ball, location: 2F
2-1: Fly out, F9 (Flyball, 9S)
Top of the 6th over - 0 runs, 0 hits, 0 errors, 0 left on base; El Dorado 1 - Hendersonville 3
BOTTOM OF THE 6TH
Hendersonville Hitmen batting - Pitching for El Dorado Oilers : RHP Barton Johnson
Batting: LHB Robert Phillips 0-0: Ground out 4-3 (Groundball, 4M)
Batting: RHB Felipe Jareño 0-0: Called Strike
0-1: SINGLE (Line Drive, 78M)
Batting: LHB Pedro Rodríguez 0-0: Called Strike
0-1: Ball
1-1: Foul Ball, location: 2F
1-2: Ball
2-2: Fly out, F7 (Flyball, 78M)
Batting: LHB Milo Glenn 0-0: Ball
1-0: Foul Ball, location: 2F
1-1: Fielders Choice at 2nd, 6-4 (Groundball, 6)
Bottom of the 6th over - 0 runs, 1 hit, 0 errors, 1 left on base; El Dorado 1 - Hendersonville 3
TOP OF THE 7TH
El Dorado Oilers batting - Pitching for Hendersonville Hitmen : RHP Troy Parker
Batting: RHB José Carlos Caraballo 0-0: Ball
1-0: Foul Ball, location: 2F
1-1: Foul Ball, location: 2F
1-2: Fly out, F8 (Line Drive, 8RM)
Batting: LHB Ashley Pickhills 0-0: Fly out, F5 (Line Drive, 56)
Batting: LHB José Rivera 0-0: Ball
1-0: Called Strike
1-1: Foul Ball, location: 2F
1-2: Fly out, F6 (Popup, 6MD)
Top of the 7th over - 0 runs, 0 hits, 0 errors, 0 left on base; El Dorado 1 - Hendersonville 3
BOTTOM OF THE 7TH
Hendersonville Hitmen batting - Pitching for El Dorado Oilers : RHP Barton Johnson
Batting: LHB Pedro Gonzáles 0-0: Ground out 6-3 (Groundball, 56)
Batting: RHB Ron Glass 0-0: Called Strike
0-1: Ground out 5-3 (Groundball, 56)
Batting: LHB Miguel García 0-0: Ball
1-0: Fly out, F8 (Flyball, 8LD)
Bottom of the 7th over - 0 runs, 0 hits, 0 errors, 0 left on base; El Dorado 1 - Hendersonville 3
TOP OF THE 8TH
El Dorado Oilers batting - Pitching for Hendersonville Hitmen : RHP Troy Parker
Batting: RHB Bob Johnson 0-0: Called Strike
0-1: Ball
1-1: Swinging Strike
1-2: Strikes out swinging
Batting: RHB Nick Webb 0-0: Ball
1-0: Called Strike
1-1: Ball
2-1: Swinging Strike
2-2: Foul Ball, location: 2F
2-2: Foul Ball, location: 2F
2-2: Ball
3-2: Strikes out looking
Batting: RHB Tony Hernández 0-0: Called Strike
0-1: Ball
1-1: Foul Ball, location: 2F
1-2: Strikes out swinging
Top of the 8th over - 0 runs, 0 hits, 0 errors, 0 left on base; El Dorado 1 - Hendersonville 3
BOTTOM OF THE 8TH
Hendersonville Hitmen batting - Pitching for El Dorado Oilers : RHP Barton Johnson
Pitching: RHP César López
Batting: SHB Félix Montoya 0-0: Ball
1-0: Ball
2-0: Foul Ball, location: 2F
2-1: Foul Ball, location: 2F
2-2: Fly out, F8 (Flyball, 8LS)
Batting: SHB José Estreito 0-0: Called Strike
0-1: Ball
1-1: Ground out 6-3 (Groundball, 6)
Batting: LHB Robert Phillips 0-0: Ball
1-0: Ball
2-0: Ground out U3 (Groundball, 34D)
Bottom of the 8th over - 0 runs, 0 hits, 0 errors, 0 left on base; El Dorado 1 - Hendersonville 3
TOP OF THE 9TH
El Dorado Oilers batting - Pitching for Hendersonville Hitmen : RHP Troy Parker
Pitching: RHP Ignacio Morales
Batting: LHB Al Gaines 0-0: Called Strike
0-1: Swinging Strike
0-2: Ground out 1-3 (Groundball, 13S)
Batting: LHB Mathew Clayton 0-0: Called Strike
0-1: Fly out, F6 (Popup, 56)
Batting: LHB José Hernández 0-0: Ball
1-0: Ground out 1-3 (Groundball, P)
Top of the 9th over - 0 runs, 0 hits, 0 errors, 0 left on base; El Dorado 1 - Hendersonville 3
Saturday, April 7th, 2018 - OOTP Baseball 18.8 Build 76